 Dungeon Crawl Stone Soup version 0.26-a0-1205-g4083c211ab (webtiles) character file.

Game seed: 6406484332929360732

172 CurlyBrace the Sneak (level 5, 0/25 HPs)
             Began as a Felid Delver on Dec 29, 2020.
             Slain by a goblin
             ... wielding a +0 club
             ... led by Robin
              (1 damage)
             ... on level 3 of the Dungeon.
             The game lasted 00:04:18 (459 turns).

CurlyBrace the Sneak (Felid Delver)                  Turns: 459, Time: 00:04:18

Health: 0/25       AC:  1    Str:  6 (8)  XL:     5   Next: 27%
Magic:  6/6        EV: 19    Int: 10 (13) God:
Gold:   107        SH:  0    Dex: 14 (17) Spells: 4/4 levels left
                                        Lives:  0   Deaths: 1

rFire    + . .     SeeInvis +     - Unarmed
rCold    . . .     Faith    +   (shield unavailable)
rNeg     . . .     Spirit   .   (armour unavailable)
rPois    .         Reflect  .   (helmet unavailable)
rElec    .         Harm     .   (cloak unavailable)
rCorr    .         Rampage  .   (gloves unavailable)
Will     .....                  (boots unavailable)
Stlth    ++++......             b - amulet of faith
HPRegen  0.08/turn              f - ring of protection from fire
MPRegen  0.10/turn              (no ring)

@: quick
A: very small, no armour, no weapons or thrown items, stealth, claws 1, fangs 3,
see invisible, speed 1, shaggy fur 1, sharp paws
a: no special abilities


You were on level 3 of the Dungeon.
You visited 2 branches of the dungeon, and saw 6 of its levels.
You also visited: Sewer.

You collected 107 gold pieces.

Inventory:

Jewellery
 b - an amulet of faith (around neck)
   (You found it on level 5 of the Dungeon)
 f - a ring of protection from fire (left paw)
   (You found it in a sewer)
Scrolls
 a - a scroll of fog


   Skills:
 * Level 4.2 Fighting
 + Level 4.0 Dodging
 - Level 7.0 Stealth
 * Level 4.2 Unarmed Combat


You had 4 spell levels left.
You didn't know any spells.
Your spell library was empty.

Dungeon Overview and Level Annotations

Branches:
Dungeon (7/15)             Temple (1/1) D:4           Sewer (visited)

Altars:
Elyvilon
Gozag
Hepliaklqana
Makhleb
Trog
Uskayaw
Vehumet
Xom
Yredelemnul
Zin
The Shining One


Innate Abilities, Weirdness & Mutations

You cannot wear armour.
You are incapable of wielding weapons or throwing items.
Your paws allow you to move quietly. (Stealth)
You have sharp claws.
You have razor-sharp teeth.
You have supernaturally acute eyesight. (SInv)
You cover ground quickly.
You are covered in fur. (AC +1)
Your sharp claws are effective at attacking unaware monsters.


Message History

Aiming: Dig
Press: ? - help, Shift-Dir - straight line A rock wall.
The rock shatters into small pieces.
The now-empty wand crumbles to dust.
The goblin closely misses you. x2; The goblin hits you but does no damage.
The goblin closely misses you. The hobgoblin misses you.
The goblin completely misses you.
Unknown command.
You scratch the hobgoblin.
The hobgoblin is severely wounded.
The goblin closely misses you. The hobgoblin barely misses you.
The goblin hits you but does no damage. The goblin barely misses you.
The goblin closely misses you. The goblin barely misses you.
Unknown command.
You claw the hobgoblin!
You kill the hobgoblin!
The hobgoblin hits you with a +0 club.
* * * LOW HITPOINT WARNING * * *
The goblin hits you with a +0 club.
You die...

.# #. #.# # #.# ...
.##.# #.# ###.#.#
..##....# #.#.#.#
#.#.##)gg###
#.....g@gK.#
##....ggg......
#............. ##
##########.##..
###8###8### .# .
##8...8...8### .
##.........######.#.
#_.........>#.....##.
##.........##.###..


You could see a hobgoblin, 6 goblins and a kobold.

Vanquished Creatures
  Purgy (Sewer)
  A wight (D:7)
  A howler monkey (D:5)
  Robin (D:3)
  An adder (D:4)
  A river rat (D:4)
  4 orcs (D:4)
  A ball python (D:4)
  5 bats (Sewer)
  2 goblins (D:3)
  A hobgoblin (D:3)
  5 rats (D:4)
24 creatures vanquished.

Notes
Turn   | Place    | Note
-------+----------+-------------------------------------------
     0 | D:5      | CurlyBrace the Felid Delver began the quest for the Orb.
     0 | D:5      | Reached XP level 1. HP: 10/10 MP: 2/2
     1 | D:6      | Noticed an orc warrior
     1 | D:6      | Noticed an orc wizard
     1 | D:6      | Noticed an ice beast
     1 | D:6      | Noticed a centaur
     1 | D:6      | Noticed a sky beast
     5 | D:7      | Noticed a howler monkey
     5 | D:7      | Noticed a wight
     5 | D:7      | Noticed a wight
     5 | D:7      | Noticed a wight
     6 | D:7      | Killed a wight
     7 | D:7      | Reached skill level 7 in Stealth
     7 | D:7      | Reached XP level 2. HP: 14/14 MP: 3/3
     7 | D:7      | Reached XP level 3. HP: 17/17 MP: 4/4
     7 | D:7      | Noticed a bullfrog
     9 | D:6      | Noticed a bullfrog
    53 | D:5      | Reached XP level 4. HP: 15/21 MP: 5/5
    63 | D:4      | Found a glowing drain.
    93 | D:4      | HP: 1/21 [poisoned by an adder]
    95 | D:4      | Succumbed to an adder's poison
    96 | D:4      | Reached XP level 3. HP: 0/17 MP: 4/4
   113 | Sewer    | Entered a sewer
   142 | Sewer    | Noticed Purgy
   208 | Sewer    | Killed Purgy
   209 | Sewer    | Reached XP level 4. HP: 5/22 MP: 5/5
   209 | Sewer    | Reached XP level 5. HP: 6/25 MP: 6/6
   234 | D:4      | Noticed a phantom
   242 | D:3      | Found a basalt altar of Yredelemnul.
   280 | D:4      | Found a staircase to the Ecumenical Temple.
   295 | Temple   | Entered the Ecumenical Temple
   402 | D:5      | Noticed an ogre
   448 | D:3      | Noticed Robin
   449 | D:3      | Killed Robin
   456 | D:3      | HP: 1/25 [goblin/+0 club[Robin] (4)]
   459 | D:3      | Slain by a goblin

Illustrated notes

Levels and vault maps discovered:
D:3:      layout_loops_ring, nicolae_overflow_hidden_temple, uniq_robin,
          uniq_crazy_yiuf_cottage
D:4:      layout_basic, minmay_temple_entry_statues, portal_sewer_entry_c
D:5:      layout_loops_corners, grunt_temple_overflow_growth_and_decay,
          grunt_temple_overflow_cloverleaf, grunt_temple_overflow_open
D:6:      layout_cave_pools, serial_shops,
          nicolae_shop_competitors_out_of_business, roderic_roman_lattice,
          minivault_25
D:7:      layout_loops_ring, serial_shops, shop, nicolae_shop_waterfront,
          nicolae_shop_behind_doors, shop,
          nicolae_shop_temple_entry_statues_fountains, lemuel_centaur_altar
Temple:   cyrus_temple_forest

Skill      XL: |  1  2  3 |
---------------+----------+-----
Dodging        | 3 4 |  4.0
Stealth        | 7 |  7.0
Unarmed Combat | 3 4 |  4.2
Fighting       | 4 |  4.2

Action                   |  1- 3 |  4- 6 || total
-------------------------+-------+-------++-------
Melee: Unarmed           |    29 |    36 ||    65
       Bite              |     2 |     2 ||     4
Evoke: Wand              |       |     3 ||     3
  Use: Scroll            |     3 |       ||     3
       Potion            |     1 |     2 ||     3
 Stab: Sleeping          |     2 |     1 ||     3
       Distracted        |     1 |       ||     1
Armor: Skin              |     5 |     1 ||     6
Dodge: Dodged            |    56 |    61 ||   117

Table legend: (Time is in decaauts)
 A = Elapsed time spent in this place.
 B = Non-inter-level travel time spent in this place.
 C = Inter-level travel time spent in this place.
 D = Time resting spent in this place.
 E = Time spent auto-exploring this place.
 F = Levels seen in this place.
 G = Mean time per level.
                   A        B        C        D        E       F      G
               +--------+--------+--------+--------+--------+-----+--------+
         Total |    400 |    400 |      0 |      0 |      0 |   7 |   57.1 |
       Dungeon |    256 |    256 |      0 |      0 |      0 |   5 |   51.2 |
        Temple |     63 |     63 |      0 |      0 |      0 |   1 |   63.0 |
         Sewer |     80 |     80 |      0 |      0 |      0 |   1 |   80.0 |
               +--------+--------+--------+--------+--------+-----+--------+

Top non-repeatable levels by time:
     D:4: 184 daAuts
   Sewer: 80 daAuts
  Temple: 63 daAuts
     D:5: 41 daAuts
     D:3: 20 daAuts
     D:6: 7 daAuts
     D:7: 3 daAuts
